 Dungeon Crawl Stone Soup version 0.19-a0-1225-gf887c1c (webtiles) character file.

0 glosham the Skirmisher (level 1, -7/18 HPs)
             Began as a Merfolk Abyssal Knight on Aug 25, 2016.
             Was a Follower of Lugonu.
             Killed from afar by a guardian serpent (13 damage)
             ... with a bolt of poison
             ... on level 3 of the Abyss.
             The game lasted 00:01:38 (78 turns).

glosham the Skirmisher (Merfolk Abyssal Knight)       Turns: 78, Time: 00:01:39

Health: -7/18      AC:  3    Str: 12    XL:     1   Next: 0%
Magic:  2/2        EV: 12    Int: 11    God:    Lugonu [*.....]
Gold:   23         SH:  0    Dex: 13    Spells: 0 memorised, 0 levels left

rFire  . . .     SeeInvis .     a - +1 spear
rCold  . . .     Gourm    .     b - +0 leather armour
rNeg   . . .     Faith    .     (no shield)
rPois  .         Spirit   .     (no helmet)
rElec  .         Dismiss  .     (no cloak)
rCorr  .         Reflect  .     (no gloves)
MR     .....     Harm     .     (no boots)
Stlth  +.........               (no amulet)
                                (no ring)
                                (no ring)

@: lethally poisoned (-7 -> -21)
A: change form in water, swift swim
a: Depart the Abyss, Renounce Religion


You were on level 3 of the Abyss.
You worshipped Lugonu.
Lugonu was aware of your devotion.
You were not hungry.

You visited 0 branches of the dungeon, and saw 0 of its levels.
You visited the Abyss 1 time.

You collected 23 gold pieces.

Inventory:

Hand Weapons
 a - a +1 spear (weapon)
Missiles
 e - 17 poisoned needles
Armour
 b - a +0 leather armour (worn)
 d - a +0 scale mail
Comestibles
 c - a bread ration


   Skills:
 - Level 3.2 Fighting
 - Level 3.0 Polearms
 - Level 0.6 Armour
 - Level 2.6 Dodging
 + Level 0.0 Stealth
 - Level 2.0 Invocations


You couldn't memorise any spells.
You didn't know any spells.

Dungeon Overview and Level Annotations

Branches:
Dungeon (0/15)

Altars:


Message History

Found a corrupted altar of Lugonu.
Found a gateway leading out of the Abyss.
Found a scale mail.
Found a gateway leading deeper into the Abyss.
You see here a scale mail.
d - a scale mail
There is a gateway leading deeper into the Abyss here.
You plunge deeper into the Abyss.
Found a gateway leading deeper into the Abyss.
There is a gateway leading deeper into the Abyss here.
You plunge deeper into the Abyss.
The abyssal rune of Zot can be found at this depth.
Found 17 poisoned needles.
You see here 17 poisoned needles.
e - 17 poisoned needles A lurking horror comes into view.
Found a blossoming altar of Fedhas.
Found 23 gold pieces and 15 stones.
You see here 23 gold pieces.
You now have 23 gold pieces.
Found a pink potion.
A tentacled starspawn comes into view.
A tentacle flies out from the starspawn's body!
A starspawn tentacle comes into view.
The starspawn tentacle grabs you. The starspawn tentacle constricts you.
A starspawn tentacle comes into view.
Your attempt to break free from the starspawn tentacle fails, but you feel that another attempt might succeed.
The starspawn tentacle constricts you.
You escape the starspawn tentacle's grasp.
A guardian serpent comes into view.
The guardian serpent shouts!
A neqoxec comes into view.
The neqoxec shouts!
The neqoxec moves out of view.
The guardian serpent hits you!
The guardian serpent casts a spell at you.
The bolt of poison hits you!
You are lethally poisoned!
Ouch! That really hurt!
You die...

..# .. ##.. # .
### .#.##.#
#.#.### ...#..
..... # #..... .
...##... #
.##.#..#..##..#
# # . S#.#.##.@#
# ##. . #...## #
.....#..S.# .#..
###
#..##.#.###.....
#. #.#.#.#.#3..#
#...#..###....#
# .##### #####.#
#w.# .. ─... ...


You could see a guardian serpent.

Vanquished Creatures (others)
  2 starspawn tentacles (Abyss:3)
2 creatures vanquished.

Notes
Turn   | Place    | Note
-------+----------+-------------------------------------------
     0 | Abyss:1  | glosham the Merfolk Abyssal Knight began the quest for the Orb.
     0 | Abyss:1  | Reached XP level 1. HP: 18/18 MP: 2/2
    42 | Abyss:3  | Found a blossoming altar of Fedhas.
    63 | Abyss:3  | Noticed a tentacled starspawn
    69 | Abyss:3  | Noticed a guardian serpent
    73 | Abyss:3  | Noticed a neqoxec
    78 | Abyss:3  | Killed from afar by a guardian serpent

Vault maps used:
Abyss:1:  minivault_20
Abyss:2:  hangedman_abyss_stitches_cave, hangedman_abyss_overflow_altar

Table legend:
 A = Turns spent in this place as a percentage of turns spent in the entire game.
 B = Non-inter-level travel turns spent in this place as a percentage of non-inter-level travel turns spent in the entire game.
 C = Inter-level travel turns spent in this place as a percentage of turns spent in this place.
 D = Turns resting spent in this place as a percentage of non-inter-level travel turns spent in this place.
 E = Turns spent auto-exploring this place as a percentage of non-inter-level travel turns spent in this place.
 F = Non-inter-level travel turns spent in this place divided by the number of levels of this place that you've seen.
                   A       B       C       D       E      F
               +-------+-------+-------+-------+-------+----------------------
         Total | 100.0 | 100.0 |   0.0 |   0.0 |   0.0 |  26.0
         Abyss | 100.0 | 100.0 |   0.0 |   0.0 |   0.0 |  26.0
               +-------+-------+-------+-------+-------+----------------------

Vault maps used:
Abyss:1:  minivault_20
Abyss:2:  hangedman_abyss_stitches_cave, hangedman_abyss_overflow_altar
